[Event "44th Chess Olympiad Women 2022"]
[Site "Chennai"]
[Date "2022.08.01"]
[Round "4.20"]
[White "Tsolakidou, Stavroula"]
[Black "Cordero, Daniela"]
[Result "1-0"]
[WhiteElo "2362"]
[BlackElo "2005"]
[Annotator "TA"]
[PlyCount "63"]
[EventDate "2022.??.??"]
[TimeControl "60"]

1. e4 e6 2. d4 d5 3. Nc3 Nf6 4. Bg5 Bb4 5. e5 h6 6. Bh4 g5 7. Bg3 Ne4 8. Nge2 $1 Nxc3 {
[%emt 0:02:29] C12: French: Classical System: McCutcheon Variation.} 9. Nxc3 c5 10. a3 Bxc3+ {[%emt 0:00:
00] The position is equal.} 11. bxc3 Qa5 12.
Qd2 Nc6 13. dxc5 {[%emt 0:03:21] [#]} h5 $146 (13... Qxc5 $11 14. h4 Rg8) ({Predecessor:} 13... Qxc5 14. Bd3
Bd7 15. O-O Ne7 16. Kh1 Bb5 17. f4 Bxd3 18. cxd3 g4 19. f5 Nxf5 20. Rxf5 exf5 {
0-1 (54) Kasimdzhanov,R (2704)-Graf,F (2479) Germany 2016}) 14. h4 $16 g4 15. Bf4 Qxc5 16. Bg5 (16. Bd3 $14) 16... f5 $2 {[%emt 0:26:31] White
leaves nothing to chance now.} (16... Rg8 $11 {and Black has nothing to worry.}
) 17. exf6 $18 Kf7 18. Rb1 b6 19. Bh6 (19. Be2 $18) 19... Bb7 (19... d4 $16 {was worth a try.}) 20. Bg7 {[%emt 0:02:23] Black must
now prevent Bb5.} Ne5 (20... d4 {might work better.} 21. Qg5 (
21. Bxh8 Rxh8 22. Qg5 Qxg5 $16) 21... Qxg5 22. hxg5 dxc3) 21. Bxh8 {[%emt 0:00:
00] The board is on fire.} Rxh8 22. Be2 g3 $2 (22... Nd7 23. O-O Nxf6) 23. fxg3 Ng4 (23... Ke8 $142 24. Rb3 Kd8) 24. Bxg4 hxg4 25. Rb4 Rg8 26. h5 {[%emt 0:
00:00][%cal Yh4h5,Yh5h6,Yh6h7] [#] h6 is the strong threat.} e5 27. h6 e4 28. h7 Rh8 {
[%emt 0:00:02] [#]} 29. Rxe4 $3 {[%emt 0:04:06] White mates.} dxe4 (29... d4 30. Re7+) 30. Qd7+ Kg6 31.
Qg7+ Kf5 32. Rh5+ {[%emt 0:00:02] Skewer.
Weighted Error Value: White=0.26 (precise) / Black=0.94} 1-0

[Event "44th Chess Olympiad Women 2022"]
[Site "Chennai"]
[Date "2022.08.01"]
[Round "4.21"]
[White "Georgescu, Lena"]
[Black "Mezioud, Amina"]
[Result "1-0"]
[WhiteElo "2279"]
[BlackElo "2024"]
[Annotator "TA"]
[PlyCount "121"]
[EventDate "2022.??.??"]
[TimeControl "60"]

1. e4 e5 2. Nf3 Nc6 3. Bb5 a6 4. Ba4 b5 5. Bb3 Bc5 6. c3 Bb6 7. d4 exd4 8. cxd4 d6 9. h3 Nf6 10. O-O O-O 11. Nc3 {[%emt 0:04:31] C78:
Ruy Lopez: Archangelsk and Möller Defences.} Na5 12. Bc2 $1 h6 {[%emt 0:06:09] [#] Prevents Bg5.} 13. e5 $146 {[%emt 0:00:
00] White is better.} ({Predecessor:} 13. Qe2 Re8 14. e5 Bb7 15. Be3 Bxf3 16.
Qxf3 dxe5 17. dxe5 Rxe5 18. Rad1 Qe8 19. Bxh6 gxh6 20. Qxf6 {1-0 (49) Skuhala,
J (2342)-Janzekovic,K (2001) Gostovanja 2020}) 13... dxe5 14.
dxe5 Qxd1 15. Rxd1 ({
Inferior is} 15. Nxd1 Nd5 $15) 15... Nd7 16. Bf4 {[%emt 0:00:
00] White is more active.} Rb8 (16... b4 $16 {was worth a try.
}) 17. b4 (17. Nd5 $18 {Ne7+ is the strong threat.} Re8 18. e6
fxe6 19. Nxc7) 17... Nc4 $16 18. a4 Re8 19. a5 ({Much less strong
is} 19. axb5 axb5 20. Nxb5 Nf8 $16) 19... Ba7 20. e6 (20. Nd5 $1 $16 ) 20... fxe6 $14 21.
Bxc7 Rb7 22. Bg3 {[%emt 0:00:47] Strongly
threatening Be4.} Nf6 23. Ne5 Bb8 (23... Nxe5 $14 24. Bxe5 Rf8) 24. Nxc4 $16 bxc4 25. Bxb8 Rxb8 26. Ba4 Rf8 27. b5 axb5 28. Bxb5 {[%emt 0:00:20] Hoping for a6.} Nd5 29. Nxd5 Rxb5 30. Ne3 c3 (30... Ba6 $16 {might work better.}) 31. Rdc1 (31. a6 $18
) 31... Rb3 (31... Rc5 $16) 32. Nd1 (32. a6
$18) 32... Ba6 33. Rxc3 Rxc3 34. Nxc3 {[%emt 0:00:02] Endgame KRB-KRN} Rf5 35. f3 Kf8 36. Kf2 Ke7 37.
Ne4 Rd5 38. Ra3 Rb5 39. g4 Rd5 40. Ke3 Kd7 41. h4 Ke7 42.
h5 e5 (42... Kf8 $16 43. Ra2 Kf7) 43. Ng3 Kf6 44. Nf5 Rc5 {[%emt 0:02:
00] [#]} 45. Kf2 $1 Kf7 46. Ra2 g6 47. hxg6+ ({But not} 47. Nxh6+ $6 Kg7
$14) 47... Kxg6 48. Rd2 (48. Ng3 $16) 48...
Rxa5 $11 49. Rd6+ Kg5 50.
Kg3 {[%emt 0:00:43] And now Ne7 would win.} h5 $2 {[%emt 0:01:30] [#]} (50...
Be2 $11) 51. Nh4 $1 $18 Bd3 {[%emt 0:01:
21] Inhibits Rg6+.} 52. Rxd3 hxg4 53. fxg4 {
[%emt 0:00:04] KRN-KR} e4 54. Rc3 Rd5 55. Ng2 Rb5 56. Ne3 Re5 57. Rc4 Ra5 58.
Rxe4 Rb5 {[%emt 0:00:21] White mates.} 59. Rd4 Rb3 60. Kf3 Kh4 61. Rd5 {
[%emt 0:00:32] Weighted Error Value: White=0.23 (precise) /Black=0.20 (precise)
} 1-0

[Event "44th Chess Olympiad Women 2022"]
[Site "Chennai"]
[Date "2022.08.01"]
[Round "4.21"]
[White "Hamza, Amira"]
[Black "Stoeri, Laura"]
[Result "0-1"]
[WhiteElo "1848"]
[BlackElo "2084"]
[Annotator "NA RC"]
[PlyCount "94"]
[EventDate "2022.??.??"]
[TimeControl "60"]

1. d4 Nf6 2. Nf3 e6 3. g3 b5 4. a4 b4 5. Bg2 Bb7 6. c4 bxc3 7. bxc3 Be7 8. O-O O-O 9. Bg5 d6 10. Nbd2 Nbd7 11. Qc2 c5 12. Rfc1 Rc8 13. Qd1 h6 14. Bxf6 Nxf6 15. Nc4 Ba6 16. Nfd2 Rc7 17. Rab1 Qc8 18. Na3 Rd8 19. Nb5 Rcd7 20. Nc4 Nd5 21. Na5 Re8 22. e4 Bd8 23. Nc4 Bxb5 24. axb5 Nb6 25. Na5 d5 26. e5 Na8 27. Nc6 Bb6 28. Qg4 Nc7 29. dxc5 Bxc5 30. Qa4 Qb7 31. b6 axb6 32. Nb8 Rdd8 33. Nc6 Ra8 34. Na5 Qc8 35. Qc2 Rxa5 36. Qd3 Qa6 37. Qf3 Ra2 38. Bf1 Qa4 39. Be2 Qe4 40. Qxe4 dxe4 41. Kf1 Nd5 42. c4 Nb4 43. Rd1 Nd3 44. Bxd3 Rxf2+ 45. Ke1 exd3 46. Rxd3 Rxh2 47. Rbb3 Ra8 0-1

[Event "44th Chess Olympiad Women 2022"]
[Site "Chennai"]
[Date "2022.08.01"]
[Round "4.21"]
[White "Heinatz, Gundula"]
[Black "Nassr, Rania"]
[Result "0-1"]
[WhiteElo "2196"]
[BlackElo "1737"]
[Annotator "NA RC"]
[PlyCount "66"]
[EventDate "2022.??.??"]
[TimeControl "60"]

1. d4 Nf6 2. c4 e6 3. g3 d5 4. Bg2 Be7 5. Nf3 O-O 6. O-O b6 7. Nc3 Bb7 8. Ne5 Nbd7 9. Re1 c5 10. e3 Qc8 11. cxd5 Nxd5 12. Nxd5 Bxd5 13. e4 Bb7 14. Nxd7 Qxd7 15. d5 exd5 16. exd5 Bf6 17. Qh5 Rad8 18. Bg5 g6 19. Qh4 Bxg5 20. Qxg5 f6 21. Qh4 Bxd5 22. Rad1 Qf7 23. Qa4 Bxa2 24. Ra1 Bb3 25. Qf4 Rd4 26. Qe3 a5 27. h4 f5 28. h5 f4 29. gxf4 Rxf4 30.
Ra3 a4 31. hxg6 Qxg6 32. Re2 Rd4 33. Ra1 Bd1 0-1

[Event "44th Chess Olympiad Women 2022"]
[Site "Chennai"]
[Date "2022.08.01"]
[Round "4.21"]
[White "Nassr, Lina"]
[Black "Hakimifard, Ghazal"]
[Result "0-1"]
[WhiteElo "2011"]
[BlackElo "2296"]
[Annotator "TA"]
[PlyCount "130"]
[EventDate "2022.??.??"]
[TimeControl "60"]

1. d4 Nf6 2. Nf3 e6 3. e3 b6 4. Bd3 Bb7 5. b3 d5 6. Bb2 Bd6 7. Nbd2 O-O {[%emt 0:00:17] The main line 7...0-0 scores better than 7.
..Nbd7.} 8. O-O c5 9. Qe2 Nc6 {[%emt 0:03:40] D05: Colle System with ...e6.} 10. a3 Rc8 11. Rfd1 cxd4 {[%emt 0:08:27] The position
is equal.} 12. exd4 Ne7 13. Ne5 Ng6 14. Nxg6 hxg6 15.
Nf3 Ne4 {[%emt 0:10:46] [#]} 16. c4 $146 ({
Predecessor:} 16. Re1 Rc7 17. Ne5 Bxe5 18. dxe5 Nc5 19. Rad1 Qh4 20. Qe3 Nxd3
21. Qxd3 Rfc8 22. Rd2 Qg5 23. Ree2 Qf5 {½-½ (23) Cori Tello,D (2430)-Leitao,
R (2618) Manaus 2013}) 16... Qe7 (16... a5 $11) 17. Bxe4 (17. b4 $1 $14) 17... dxe4 $15 18. Ne5 Qg5 19. Bc1 Qh5 20. Qxh5 gxh5 21. Be3 Rfd8 22. b4 (22. h4 $11) 22... f6 23. c5 Bb8 ({Don't play} 23... fxe5
$6 24. cxd6 exd4 25. Rxd4 $11) 24. Nc4 Bd5 $36 {[%emt 0:01:28]
Black is pushing.} 25. Nd6 (25. Rdc1 $15) 25... Bxd6 $17 26. cxd6 b5 27. Rac1 Bc4 28. h4 Rxd6 29. g3 (29. Rc3 $142) 29... Rcd8 30. Re1 Ra6 31. Rc3 Kf7 32. Ra1 Ra4 {[%emt 0:01:17] Black is more active.} 33.
Re1 a5 34. bxa5 Rxa5 35. Kg2 Ra4 36. Kg1 Ke7 37. Kg2 Rda8 38.
Bc1 Kd6 39. Rce3 (39. Kh2
$17) 39... Bd5 40. Bb2 Rc4 41. Kg1 Rc2 42. R1e2 Rac8 43. Kh2 R8c4 44. Kg1 Bc6 45. Kh2 (45. Kf1 $17 {
was worth a try.}) 45... Kd5 (45... f5 $19 46. Kg1 Bd5) 46.
Kg1 Be8 47. Kg2 Bg6 {
[%emt 0:01:54] And now ...Rxe2 would win.} 48. Kf1 Rxe2 49. Rxe2 {[%emt 0:00:04] Endgame KRB-KRB} Bf5 {[%emt 0:00:16] .
..Bh3+ is the strong threat.} 50. Rd2 $2 {[%emt 0:01:31] Now White is beyond
hope.} (50. Re3 $17 {was the crucial defense.}) 50... Bg4 $19 51. Kg1 Bf3 52. Kf1 g5 53. Kg1 gxh4 {[%emt 0:00:00][%cal Ye4e3] [#]
Strongly threatening ...e3!} 54. gxh4 f5 55.
Kh2 f4 {[%emt 0:00:08] Black mates.} 56. Kg1 e3 57. fxe3 fxe3 58. Rh2 e2 59. Kf2 Rc2 60. Rh3 {[%emt 0:00:26] [#]} Ke4 $1 61. Rxf3 e1=Q+ {[%emt 0:00:25] Deflection} 62. Kxe1 Kxf3 63. d5 Rxb2 64. d6 Ke3 65. Kd1 Rd2+
{[%emt 0:00:15] Weighted Error Value: White=0.47/Black=0.10 (very precise)} 0-1

[Event "44th Chess Olympiad Women 2022"]
[Site "Chennai"]
[Date "2022.08.01"]
[Round "4.22"]
[White "Cori T., Deysi"]
[Black "Hernandez Alvarez, Tania Regla"]
[Result "1-0"]
[WhiteElo "2371"]
[BlackElo "2058"]
[Annotator "TA"]
[PlyCount "55"]
[EventDate "2022.??.??"]
[TimeControl "60"]

1. Nf3 Nf6 2. d4 d5 3. g3 e6 4. Bg2 Be7 5. O-O O-O 6. Ne5 {[%emt 0:08:42] D02:1 d4 d5 2 Nf3 sidelines, including
2...Nf6 3 g3 and 2...Nf6 3 Bf4.} Nbd7 7. c4 c6 8. Nd2 {[%emt 0:10:20] The position is equal.} Nxe5 9. dxe5 Nd7 10. Nf3 {[%emt 0:
00:00] [#]} dxc4 $146 ({Predecessor:} 10... Nb6 11. cxd5 exd5
{½-½ (11) Kosten,A (2519)-Horvath,C (2565) Izmir 2004}) 11. Qc2 Qc7 $1 12. Qe4 c5 13.
a4 a5 14. Rd1 Nb6 15. Bg5 h6 16. Bxe7 Qxe7 17. Rd6 Qc7 18. Nd2 Ra6 19. Qh4 {[%emt 0:17:30] White is much
more active. The black rooks are badly placed.} (19. f4 $16) 19... f5 {[%emt 0:
00:00] [#]} (19... Bd7 $11 {remains equal.}) 20. e4 $1 $16 Bd7 (20... Qf7 $142) 21. exf5 Rxf5 {[%emt 0:00:
00] [#]} 22. Bh3 $1 ({Inferior is} 22. Nxc4 g5 23. Qe4 (23.
Qxh6 Nxc4 24. Qg6+ Kf8 $11) 23... Nxc4 24. Rxa6 (24. Qxc4 Rxd6 25. exd6 Qxd6
$11) 24... bxa6 $11) 22... Rxe5 (22... Rf7 23. Bxe6 Bxe6 24.
Rxe6 Rf8) 23. Qe7 $18 {[%emt 0:00:05][%cal Yd2c4] And now Nxc4! would win.
White is clearly winning.} Qc8 {[%emt 0:04:43] [#]} (23... Kh7 $142 24. Bg2 (
24. Bxe6 $2 Rxe6 25. Rxe6 Nc8 $19) 24... Qb8) 24. Nxc4 $1 {[%emt 0:01:02]
Deflection} Nxc4 (24... Nd5 25. Qxd7) 25. Rxd7 Qf8 26. Rd8 Qxd8 27. Qxd8+ Kh7 28. Qd1 {
[%emt 0:01:26] Weighted Error Value: White=0.10 (very precise) /Black=0.38} 1-0

[Event "44th Chess Olympiad Women 2022"]
[Site "Chennai"]
[Date "2022.08.01"]
[Round "4.22"]
[White "Diaz Charpentier, Kristel Meliss"]
[Black "Caballero Quijano, Mitzy Mishell"]
[Result "1/2-1/2"]
[WhiteElo "1989"]
[BlackElo "2035"]
[Annotator "NA RC"]
[PlyCount "122"]
[EventDate "2022.??.??"]
[TimeControl "60"]

1. Nf3 d5 2. c4 c6 3. g3 Nf6 4. b3 Bg4 5. Bg2 Nbd7 6. Bb2 e6 7. O-O Bd6 8. d3 O-O 9. Nbd2 a5 10. a3 b5 11. Qc2 Rc8 12. h3 Bh5 13. e4 dxe4 14. dxe4 e5 15.
Rad1 Qe7 16. a4 bxa4 17. bxa4 Ne8 18. Nb3 Ra8 19. g4 Bg6 20. c5 Bc7 21. Rxd7 Qxd7 22. Nxe5 Bxe5 23. Bxe5 f6 24. Bc3 Nc7 25. Nxa5 Ne6 26. Nc4 Qe7 27. Nb6 Qxc5 28. Nxa8 Rxa8 29. Rc1 Nf4 30. Bf1 Re8 31. Bd2 Qxc2 32. Rxc2 Bxe4 33. Rc4 Ng6 34. Bg2 Bxg2 35. Kxg2 Re2 36. Be3 Ne5 37. Re4 Ra2 38. g5 Kf7 39. gxf6 gxf6 40. Kg3 Kg6 41. Bb6 Ra3+ 42. Kg2 Kf5 43. Rb4 Nd3 44. Rh4 Nf4+ 45. Kh2 h5 46. Be3 Rxa4 47. Bxf4 Rxf4 48. Rxh5+ Ke6 49. Rc5 Kd6 50. Kg3 Kxc5 51. Kxf4 Kd4 52. h4 c5 53. h5 c4 54. h6 c3 55. h7 c2 56. h8=Q c1=Q+ 57. Kf3 Qd1+ 58. Kg3 Qg1+ 59. Kf3 Qd1+ 60. Kg3 Qg1+ 61. Kf3 Ke5 1/2-1/2

[Event "44th Chess Olympiad Women 2022"]
[Site "Chennai"]
[Date "2022.08.01"]
[Round "4.22"]
[White "Paredes Bustamante, Paula Elizab"]
[Black "Mayorga Araya, Sofia"]
[Result "1-0"]
[WhiteElo "2162"]
[BlackElo "1758"]
[Annotator "NA RC"]
[PlyCount "73"]
[EventDate "2022.??.??"]
[TimeControl "60"]

1. e4 c5 2. Nf3 d6 3. d4 cxd4 4. Nxd4 Nf6 5. Nc3 a6 6. h3 e5 7. Nde2 Be7 8. g4 Nc6 9. Be3 h6 10. Qd2 b5 11. O-O-O Bb7 12. Ng3 b4 13. Nd5 Nxd5 14. exd5 b3 15. axb3 Nb8 16. Nf5 Bf8 17. Qb4 Qd7 18. f4 g6 19. Ng3 Bg7 20. Ne4 O-O 21. Nxd6 Bc8 22. fxe5 Bxe5 23. Nc4 Bc7 24. Bxh6 Re8 25. Qc3 f5 26. d6 Bd8 27. Bg2 Ra7 28. Ne5 Qh7 29. Be3 Bf6 30. Bd5+ Kh8 31. Bxa7 Qxa7 32. Rhe1 Qg7 33. Nf7+ Kh7 34. Qg3 Rf8 35. g5 Bxb2+ 36. Kb1 Rxf7 37. Re8 1-0

[Event "44th Chess Olympiad Women 2022"]
[Site "Chennai"]
[Date "2022.08.01"]
[Round "4.22"]
[White "Ramirez Gonzalez, Maria Jose"]
[Black "Bravo Mallco, Kate Azumi"]
[Result "0-1"]
[WhiteElo "1809"]
[BlackElo "1958"]
[Annotator "NA RC"]
[PlyCount "78"]
[EventDate "2022.??.??"]
[TimeControl "60"]

1. d4 Nf6 2. c4 g6 3. f3 c5 4. d5 d6 5. e4 e6 6. Be3 exd5 7. cxd5 Bg7 8. Qd2 O-O 9. Nc3 Ne8 10. Bd3 f5 11. exf5 Bxf5 12. Nge2 Nd7 13. Bxf5 Rxf5 14. Rc1 Ne5 15. Qc2 Nc7 16. O-O b5 17. Rcd1 Qf8 18. b3 Re8 19. Ne4 Nd7 20. N2g3 Rxd5 21. Rxd5 Nxd5 22. Bf2 Be5 23. Rd1 Nf4 24. b4 c4 25. Bxa7 d5 26. Bc5 Nxc5 27. Nxc5 Qg7 28. a4 Bd4+ 29. Kf1 Bxc5 30. bxc5 b4 31. Qd2 Nd3 32. Ne2 b3 33. Nf4 Nxf4 34. Qxf4 Qe5 35. Qxe5 Rxe5 36. c6 b2 37. c7 Re8 38. Rxd5 b1=Q+ 39. Kf2 Qe1# 0-1

[Event "44th Chess Olympiad Women 2022"]
[Site "Chennai"]
[Date "2022.08.01"]
[Round "4.23"]
[White "Aulia, Medina Warda"]
[Black "Noshin, Anjum"]
[Result "1-0"]
[WhiteElo "2374"]
[BlackElo "2027"]
[Annotator "TA"]
[PlyCount "53"]
[EventDate "2022.??.??"]
[TimeControl "60"]

1. e4 e5 2. Nf3 Nc6 3. Bb5 Nge7 4. O-O Ng6 5. d4 exd4 6. Nxd4 Bc5 7. Nf5 {
[%emt 0:03:01] C60: Ruy Lopez: Unusual Black 3rd moves and 3...g6.} O-O 8. Nc3 a6 9. Bd3 {[%emt 0:00:
00] White is slightly better.} d6 10. Qh5 {[%emt 0:10:21] [#]}
Nce5 $146 ({Predecessor:} 10... Be6 11. Bg5 f6 12. Bd2 Qe8 13.
Nd5 Qf7 14. Bc4 Kh8 15. Bb3 Nd4 16. Rad1 c6 17. Nxd4 Bxd4 {½-½ (46)
Szakolczai,P (2225)-Csapo,Z (2290) Hungary 1995}) 11. Be2 Be6 12. Kh1 Nd7 13. Bg5 f6 $1 14. Bd2 Nge5 (14... c6 $11) 15. f4 {[%emt 0:06:40] White is more active.} Bf7 (15... Nc6 $142) 16. Qh4 (16. Qh3 $142 Nc6 17.
Nd5) 16... Nc6 {[%emt 0:05:34] [#]} (16... Ng6 $16 17. Qg4 Kh8) 17. Rf3 $1 $18 b5 $2 (17... Be6 18. Rg3 (18. Qg4 Bxf5 19.
Bc4+ Kh8 $16) 18... Bxf5) 18. Rh3 Bg6 19. Bh5 $40 {[%emt 0:04:14] Intending Bxg6 and mate. Black is
in trouble.} Bxf5 20. exf5 h6 21. Bf3 Nd4 22. Bxa8 Qxa8 23. Qg4 {[%emt 0:00:39] [#] Hoping for Rxh6.} Kh8 $2 {[%emt 0:
01:05] Loses the game.} (23... b4 $16 {is a better defense.}) 24. Re1 {[%emt 0:
00:29] Black must now prevent Re7.} (24. Rg3 Rf7 25. a3 Nxc2 $16) 24... Re8 {
[%emt 0:01:17] Prevents Re7.} (24... d5 $142 25. Qg6 (25. Rg3 Rg8 $18) 25...
Nxc2) 25. Rhe3 (25. Rg3 Rxe1+ 26. Bxe1 Qg8 $18) 25... Rxe3 26. Rxe3 ({And not} 26. Bxe3 Nxc2 27. Bxc5
Nxe1 28. Bxd6 cxd6 $19) 26... Qd8 (26... Nc6 $142 27. Re2 (27.
Rg3 Qg8 $18) 27... Qg8) 27. Qg6 {[%emt 0:01:11] Weighted Error Value: White=0.
20 (precise) /Black=0.54} 1-0

[Event "44th Chess Olympiad Women 2022"]
[Site "Chennai"]
[Date "2022.08.01"]
[Round "4.23"]
[White "Citra, Dewi Ardhiani Anast"]
[Black "Khan, Nazrana"]
[Result "1-0"]
[WhiteElo "2257"]
[BlackElo "1829"]
[Annotator "NA RC"]
[PlyCount "71"]
[EventDate "2022.??.??"]
[TimeControl "60"]

1. d4 Nf6 2. Bf4 e6 3. e3 b6 4. Nd2 Bb7 5. Ngf3 c5 6. Nc4 d5 7. Nce5 Be7 8. Bb5+ Nfd7 9. Nxd7 Nxd7 10. Ne5 f6 11. Qh5+ g6 12. Nxg6 hxg6 13. Qxh8+ Bf8 14. Bh6 Ke7 15. Qh7+ Kd6 16. Bxf8+ Nxf8 17. Qxb7 a6 18. dxc5+ bxc5 19. Qc6+ Ke5 20. Bd3 f5 21. Qxc5 Nd7 22. Qc3+ Kd6 23. Qb4+ Nc5 24. O-O Qc7 25. Qf4+ e5 26. Qh6 Qf7 27. Rfd1 Kc6 28. c4 Qf6 29. cxd5+ Kd6 30. h4 Rh8 31. Qg5 Qf7 32. b4 Na4 33. Rac1 Nb2 34. Rc6+ Kd7 35. Rdc1 Qxd5 36. Rc7+ 1-0

[Event "44th Chess Olympiad Women 2022"]
[Site "Chennai"]
[Date "2022.08.01"]
[Round "4.23"]
[White "Jannatul, Ferdous"]
[Black "Mariroh, Fariha"]
[Result "0-1"]
[WhiteElo "1815"]
[BlackElo "1839"]
[Annotator "NA RC"]
[PlyCount "74"]
[EventDate "2022.??.??"]
[TimeControl "60"]

1. e4 c5 2. Nf3 d6 3. d4 cxd4 4. Nxd4 Nf6 5. Nc3 Nc6 6. Bg5 e6 7. Qd2 a6 8. O-O-O Bd7 9. f4 Be7 10. Kb1 b5 11. Bxf6 gxf6 12. Ndxb5 axb5 13. Nxb5 Qb8 14. Nxd6+ Bxd6 15. Qxd6 Qxd6 16. Rxd6 Ke7 17. Rd2 Ra4 18. Bb5 Rxe4 19. Rhd1 Be8 20. Rd6 Nb4 21. Bxe8 Rxe8 22. Rd7+ Kf8 23. R7d4 Rxd4 24. Rxd4 Nc6 25. Rc4 Ne7 26. a4 Nd5 27. g3 Ke7 28. a5 Kd6 29. c3 e5 30. Re4 Ra8 31. fxe5+ fxe5 32. Ra4 f5 33. Kc2 e4 34. Kd2 h5 35. c4 Nf6 36. b4 Ng4 37. h3 Nf2 0-1

[Event "44th Chess Olympiad Women 2022"]
[Site "Chennai"]
[Date "2022.08.01"]
[Round "4.23"]
[White "Sultana, Sharmin Shirin"]
[Black "Sukandar, Irine Kharisma"]
[Result "0-1"]
[WhiteElo "1995"]
[BlackElo "2373"]
[Annotator "TA"]
[PlyCount "76"]
[EventDate "2022.??.??"]
[TimeControl "60"]

1. d4 Nf6 2. c4 e6 3. Nc3 Bb4 4. e3 O-O 5. Bd3 d5 6. Nf3 c5 7. O-O dxc4 8. Bxc4 Nc6 9. a3 Bxc3 10. bxc3 Qc7 11. Ba2 {[%emt 0:01:37] 11.Re1 is the modern continuation.} Rd8 12. h3 {[%emt 0:12:08] E59: Nimzo-Indian: Rubinstein: Main Line: 7...Nc6 8
a3 Bxc3 9 bxc3 dxc4.} b6 13. Qe2 {[%emt 0:12:44] [#]} Na5 $146 ({Predecessor:} 13... Bb7 14. Rd1 Rac8 15. Bd2 Ne7 16. Ne5 Ng6
17. Nxg6 hxg6 18. f3 e5 19. Rac1 c4 {½-½ (62) Irzhanov,R (2500)-Annageldyev,
O (2485) Ashkhabad 1996}) 14. e4 {[%emt 0:16:45] The position is equal.} Bb7 15. e5 Ne4 16. Ng5 Qc6 (16... Nxc3 $2 17. Qc2 g6 18. Qxc3 $18) 17. f3 Ng3 (17... Nxg5 $1 $11 18. Bxg5 Rdc8) 18. Qc2
$1 $18 g6 {[%emt 0:00:42] [#]} (18... Nxf1 $2 19. Qxh7+ Kf8
20. Qh8+ Ke7 21. Qxg7) 19. Bf4 $2 Nh5 $11 {[%emt 0:02:56]
Dancing on a razor blade. Pair of Knights!} (19... Nxf1 20. Rxf1 Qd7 21. Qf2
$15) 20. Bh2 (20. Qd2 $11 {keeps the balance.}) 20... cxd4 $17 21. Ne4 {[%emt 0:00:30] Inhibits Qc5.} dxc3 (
21... Qc7 $17 {Hoping for ...Bxe4.} 22. Nd6 dxc3) 22. Qc1 $2 (
22. g4 $11 {and White has nothing to worry.}) 22... Rd4 (22...
Qc8 $19 {White must now prevent ...Bxe4.} 23. Nxc3 Qc5+ 24. Kh1 Rd3) 23. Qe3 Qa4 24. Nxc3 Qd7
$36 {[%emt 0:00:11] Black has strong initiative. Black is more active.} 25.
Rac1 (25. Rfd1 $17 Rd8 26. Rxd4 Qxd4 27. Qxd4 Rxd4 28. Nb5)
25... Rd3 $19 26. Qf2 (26. Qe1 $142) 26...
Rc8 27. Nb1 Rxc1 28. Rxc1 Ba6 29. Qc2 {[%emt 0:00:17] [#] Against Rd1+}
(29. Kh1 $142) 29... Nf4 $1 {[%emt 0:00:00] Strongly threatening ...Qd4+.} 30.
Kh1 {[%emt 0:00:33] [#]} (30. Bg3 Qd4+) 30... Nd5 (30... Nxh3
$1 $19 {is more deadly.} 31. Bg3 (31. gxh3 $2 Rxf3 32. Qd2 Qxd2 $19) 31... Ng5)
31. Bxd5 $17 Qxd5 32. Bg3 $2 (32. Nc3 $17 Qc4 33. Ne4) 32... Nb3 $19 33. Re1 Nd4 34. Qa4 (34. Qc7 Nxf3 35. Nc3) 34... Bb5 35. Qxa7 {[%emt 0:00:09] [#]}
(35. Qb4 $142 Nc2 36. Nc3 Nxb4 37. Nxd5 Nxd5 38. Ra1) 35... Nxf3 $1 36. Qb8+ Kg7 37. Nc3 Rxc3 38. Bf4 Nxe1 {[%emt 0:00:00] Quite a
comeback for Black. Weighted Error Value: White=1.06/Black=0.67} 0-1

[Event "44th Chess Olympiad Women 2022"]
[Site "Chennai"]
[Date "2022.08.01"]
[Round "4.24"]
[White "Argote Heredia, Valentina"]
[Black "Penafiel Mendoza, Josselyne"]
[Result "1/2-1/2"]
[WhiteElo "2205"]
[BlackElo "1804"]
[Annotator "RC"]
[PlyCount "128"]
[EventDate "2022.??.??"]
[TimeControl "60"]

1. e4 c5 2. Nf3 d6 3. d4 cxd4 4. Nxd4 Nf6 5. Nc3 a6 6. f3 e5 7. Nb3 Be6 8. Be3 Be7 9. Qd2 Nbd7 10. O-O-O b5 11. Nd5 Bxd5 12. exd5 Nb6 13. Bxb6 Qxb6 14. g4 O-O 15. g5 Nh5 16. h4 a5 17. Kb1 a4 18. Nc1 b4 19. Bh3 Ra5 20. Ne2 b3 21. cxb3 axb3 22. a3 f5 23.
Qd3 g6 24. Rc1 Rb8 25. Rc3 Bf8 26. Rhc1 Raa8 27. Qc4 Nf4 28. Bf1 Bg7 29. Qc6 Qf2 30. Qc4 Nxe2 31. Qxe2 Qxh4 32. Qe3 e4 33. Rxb3 Qh2 34. Rc2 Qe5 35. Bc4 Rxb3 36. Bxb3 Rb8 37. Ka2 exf3 38. Qxf3 f4 39. Qh3 Qe3 40. Rc8+ Rxc8 41. Qxc8+ Kf7 42. Qe6+ Qxe6 43. dxe6+ Ke7 44. Bd5 Bd4 45. b4 f3 46. Bxf3 Kxe6 47. a4 d5 48. a5 Kd6 49. Kb3 Be3 50.
b5 Bxg5 51. b6 Kc6 52. a6 Kxb6 53. Bxd5 Be3 54. Bg8 h6 55. Bf7 g5 56. a7 Kxa7 57. Bh5 Kb6 58. Kc4 Kc6 59. Kd3 Bc1 60. Ke4 Kc5 61. Kf5 Kd4 62. Kg4 Ke5 63. Bg6 Kf6 64. Bh5 Ke5 1/2-1/2

[Event "44th Chess Olympiad Women 2022"]
[Site "Chennai"]
[Date "2022.08.01"]
[Round "4.24"]
[White "Castrillon Gomez, Melissa"]
[Black "Heredia Serrano, Carla"]
[Result "1-0"]
[WhiteElo "2230"]
[BlackElo "2090"]
[Annotator "RC"]
[PlyCount "110"]
[EventDate "2022.??.??"]
[TimeControl "60"]

1. d4 d5 2. c4 c6 3. Nf3 Nf6 4. Nc3 dxc4 5. a4 Bg4 6. Ne5 Bh5 7. Nxc4 e6 8. Qb3 Na6 9. Bf4 Nb4 10. Be5 a5 11. g3 Bg6 12. Rc1 Be7 13.
Bg2 O-O 14. O-O Nfd5 15. e4 f6 16. exd5 exd5 17. Bf4 dxc4 18. Qxc4+ Bf7 19. Qe2 Bd6 20. Be3 Re8 21. Rfd1 Bf8 22. d5 cxd5 23. Qb5 Ra6 24. Nxd5 Nxd5 25. Bxd5 Bxd5 26. Rxd5 Qe7 27. Rd7 Qe4 28. Rxb7 Rd6 29. Qc4+ Qe6 30. Qxe6+ Rdxe6 31. Rcc7 Re4 32. b3 h5 33. Kg2 h4 34. Bc5 Bxc5 35. Rxc5 hxg3 36. hxg3 R4e5 37. Rxe5 Rxe5 38. Rb5 Kf7 39. Rxe5 fxe5 40. Kf3 Ke6 41. Ke4 g6 42. f4 exf4 43. Kxf4 Kf6 44. Kg4 g5 45. Kh5 Kf5 46. Kh6 Kg4 47. Kg6 Kxg3 48. Kxg5 Kf3 49. Kf5 Ke3 50. Ke5 Kd3 51. Kd5 Kc3 52. Kc5 Kxb3 53. Kb5 Kc3 54. Kxa5 Kc4 55. Kb6 Kd5 1-0